Map: Echo LE (Void)

Players

Voodoochilli - Winner!

  • Race: Terran Terran
  • League: Platinum
  • Spawn Location: 11:00

Teodore

  • Race: Zerg Zerg
  • League: Diamond
  • Spawn Location: 5:00

VOD

Have the link to the VOD?

Description

Time

  • Played on: Dec. 11, 2016, 4:19 a.m.
  • Length: 7:26
Show
View Real Time Build Order
Export as new Build Order

Voodoochilli Terran - Winner!

Build Orders:  

Get SALT Encoding   

  12  0:01  SCV  
  13  0:13  SCV  
  14  0:17  Supply Depot  
  14  0:25  SCV  
  15  0:39  SCV  
  15  0:41  Barracks  
  16  0:47  Refinery  
  16  0:51  SCV  
  17  1:03  SCV  
  18  1:08  Barracks  
  18  1:15  SCV  
  18  1:28  SCV  
  20  1:32  Reaper  
  20  1:34  Supply Depot  
  20  1:41  Orbital Command  
  20  1:47  Refinery  
  20  1:58  Barracks Reactor  
  20  2:12  Barracks Tech Lab  
  20  2:17  Refinery  
  20  2:25  SCV  
  21  2:30  Command Center  
  21  2:37  SCV  
  22  2:49  SCV  
  23  3:02  SCV  
  24  3:09  Marine x2  
  24  3:10  Marine  
  24  3:11  Stimpack  
  27  3:14  SCV  
  28  3:25  Factory  
  28  3:26  SCV  
  29  3:30  Marine  
  29  3:31  Marine  
  31  3:38  Supply Depot  
  31  3:41  Marine  
  31  3:42  Orbital Command  
  31  3:44  Supply Depot  
  31  3:46  SCV  
  33  3:50  Marine x2  
  33  3:53  Engineering Bay  
  35  3:58  SCV  
  35  3:59  Marine  
  37  4:08  Marine x2, SCV  
  40  4:10  SCV  
  40  4:12  Factory Reactor, Starport  
  40  4:17  Marine  
  41  4:23  Supply Depot  
  42  4:24  SCV  
  42  4:26  Marine  
  44  4:34  Marine x2  
  44  4:36  SCV  
  47  4:43  SCV  
  47  4:44  Supply Depot  
  48  4:47  Missile Turret  
  48  4:49  Marine  
  49  4:55  SCV  
  49  4:58  Medivac  
  49  4:59  Medivac  
  54  5:00  Marine  
  54  5:01  SCV  
  54  5:05  Terran Infantry Weapons Level 1  
  56  5:11  SCV, Command Center  
  56  5:12  Liberator, Factory Tech Lab  
  57  5:16  Marine  
  57  5:17  Marine, SCV  
  60  5:22  Marine  
  60  5:23  Refinery  
  60  5:24  SCV  
  65  5:41  Marine x2  
  67  5:43  Marine, Bunker  
  67  5:46  SCV  
  67  5:49  SCV  
  70  5:55  Siege Tank  
  73  5:58  SCV  
  73  5:59  Marine x2  
  73  6:02  Marauder  
  78  6:17  Marine  
  78  6:22  Marine, SCV x2, Medivac  
  78  6:23  Marine  
  78  6:24  Supply Depot x2  
  81  6:36  Marine  
  82  6:40  Marine  
  80  6:59  Marine x2  
  80  7:00  Marauder  
  84  7:04  Barracks  
Show
View Real Time Build Order
Export as new Build Order

Teodore Zerg 

Build Orders: Hatch First 

Get SALT Encoding   

  12  0:02  Drone  
  13  0:12  Overlord  
  13  0:17  Drone  
  14  0:31  Drone x2  
  16  0:52  Hatchery  
  15  1:07  Spawning Pool  
  15  1:10  Drone  
  15  1:13  Drone  
  16  1:23  Drone x2  
  18  1:36  Overlord  
  18  1:52  Hatchery  
  17  1:57  Extractor  
  16  2:02  Queen  
  16  2:04  Drone  
  20  2:11  Queen  
  20  2:13  Drone x3  
  25  2:19  Spine Crawler  
  23  2:26  Spine Crawler  
  22  2:34  Spine Crawler  
  21  2:37  Zergling x2  
  21  3:12  Queen  
  23  3:13  Queen  
  25  3:23  Drone  
  25  3:24  Drone x5  
  31  3:50  Metabolic Boost  
  32  3:55  Drone  
  32  3:56  Drone x4  
  36  4:14  Hatchery  
  35  4:39  Drone, Overlord  
  35  4:40  Overlord x3  
  36  4:49  Extractor  
  35  5:02  Drone x6  
  41  5:07  Drone x3  
  41  5:09  Lair  
  44  5:14  Extractor  
  44  5:20  Extractor, Drone x3  
  45  5:22  Drone x2  
  45  5:27  Drone  
  48  5:37  Hatchery  
  48  5:41  Queen  
  49  5:47  Pneumatized Carapace  
  49  5:56  Zergling x2  
  53  5:57  Zergling x14  
  53  6:02  Spore Crawler  
  56  6:09  Evolution Chamber  
  56  6:11  Baneling Nest, Evolution Chamber, Drone x5  
  53  6:38  Zergling x10  
  51  6:56  Zergling x14  
Tags
 
Add a new tag
Caveats
  • Supply blocks, unpowered buildings, or Contaminate may cause inaccurate times.
  • Supply counts are checked every 10 seconds.